[Event "Titled Tuesday Blitz March 21 Early 2023"]
[White "lluiss"]
[Black "Thiel, Thomas"]
[BlackFideId "4615964"]
[WhiteElo "2164"]
[BlackElo "2237"]
[Result "1/2-1/2"]
[Round "09"]
[TimeControl "180+2"]
[Date "2023.03.21"]
[WhiteClock "0:00:14"]
[BlackClock "0:00:20"]

1. Nf3 Nf6 2. c4 g6 3. g3 Bg7 4. Bg2 O-O 5. O-O c6 6. d4 d5 7. cxd5 cxd5 8. Nc3 Bf5 9. Ne5 Ne4 10. Qb3 Nc6 11. Nxc6 bxc6 12. Nxe4 Bxe4 13. Be3 Bxg2 14. Kxg2 e5 15. Rfd1 Rb8 16. Qc3 Qb6 17. b3 e4 18. Rac1 Rfc8 19. Bf4 Rb7 20. Bd6 Qa6 21. Rc2 Bf8 22. Bxf8 Kxf8 23. Qe3 Kg7 24. Rdc1 Rb4 25. Qc3 Qb6 26. e3 a5 27. Qc5 a4 28. Qxb6 Rxb6 29. bxa4 Ra8 30. Rxc6 Rb2 31. R1c2 Rxc2 32. Rxc2 Kf6 33. Rc5 Ke6 34. a5 Kd6 35. a4 h5 36. h3 f6 37. f3 g5 38. fxe4 dxe4 39. Rf5 Ke6 40. Rb5 f5 41. Rb6+ Kd5 42. a6 Kc4 43. g4 hxg4 44. hxg4 fxg4 45. Kg3 Kd3 46. Kxg4 Kxe3 47. d5 Kd4 48. Kxg5 Kxd5 49. Kf4 Kc5 50. Re6 Kb4 51. Kxe4 Kxa4 52. Kd5 Ka5 53. Kc4 Rxa6 54. Rxa6+ Kxa6 1/2-1/2


[Site "https://www.chess.com"]

[Event "Titled Tuesday Blitz March 21 Early 2023"]
[White "monkins"]
[Black "Latreche, Khadidja"]
[BlackFideId "7901780"]
[WhiteElo "2233"]
[BlackElo "1869"]
[Result "1-0"]
[Round "09"]
[TimeControl "180+2"]
[Date "2023.03.21"]
[WhiteClock "0:00:09"]
[BlackClock "0:00:16"]

1. Nf3 c5 2. c4 Nc6 3. d4 cxd4 4. Nxd4 g6 5. Nc3 Bg7 6. Nc2 e6 7. g3 Nge7 8. Bg2 O-O 9. O-O a6 10. Bd2 Rb8 11. Rc1 d5 12. cxd5 exd5 13. e4 dxe4 14. Nxe4 Bxb2 15. Rb1 Bg7 16. Bf4 Ra8 17. Qc1 Be6 18. Bh6 Nf5 19. Bxg7 Nxg7 20. Rxb7 Bxa2 21. Qb2 Bc4 22. Nf6+ Kh8 23. Bxc6 Bxf1 24. Kxf1 Qd3+ 25. Kg2 Rac8 26. Be4 Qd6 27. Ne3 Ne6 28. Nfd5+ Ng7 29. Rb6 Qc5 30. Rxa6 Rce8 31. Bf3 Re5 32. Rb6 Rfe8 33. Nf6 Rd8 34. Nd7 Rxd7 35. Rb8+ Ne8 36. Rxe8+ Kg7 37. Rxe5 Qxe5 38. Qxe5+ f6 39. Qf4 g5 40. Qc4 Rf7 41. Nf5+ Kg6 42. g4 h5 43. Qxf7+ Kxf7 44. gxh5 Ke6 45. Bg4 Ke5 46. Kg3 Ke4 47. h6 1-0


[Site "https://www.chess.com"]

[Event "Titled Tuesday Blitz March 21 Early 2023"]
[White "Vargas Rodriguez, Wilver"]
[Black "Sabar, Ethmane Daouda"]
[WhiteFideId "3509672"]
[BlackFideId "19600097"]
[WhiteElo "2238"]
[BlackElo "1950"]
[Result "0-1"]
[Round "09"]
[TimeControl "180+2"]
[Date "2023.03.21"]
[WhiteClock "0:00:24"]
[BlackClock "0:00:33"]

1. e4 c5 2. Nf3 Nc6 3. d4 cxd4 4. Nxd4 Nf6 5. Nc3 e5 6. Nf3 Bb4 7. Bc4 Bxc3+ 8. bxc3 h6 9. O-O d6 10. Re1 O-O 11. Ba3 Ne8 12. Qd3 Be6 13. Bb3 Qc7 14. Rad1 Rd8 15. Bd5 Qa5 16. c4 Bg4 17. Rb1 Bxf3 18. Qxf3 Nd4 19. Qd3 Nxc2 20. Qxc2 Qxa3 21. Rxb7 Nf6 22. Reb1 Nxd5 23. cxd5 Rc8 24. Qb3 Rc1+ 25. Qd1 Rxd1+ 26. Rxd1 Qxa2 27. f3 Rc8 28. h4 Rc2 29. Kh2 Rxg2+ 30. Kh3 Qf2 0-1


[Site "https://www.chess.com"]

[Event "Titled Tuesday Blitz March 21 Early 2023"]
[White "Corredor Castellanos, Camilo"]
[Black "Vargas Pereda, Jesus Manue"]
[WhiteFideId "4425871"]
[BlackFideId "5115710"]
[WhiteElo "1994"]
[BlackElo "1914"]
[Result "1-0"]
[Round "09"]
[TimeControl "180+2"]
[Date "2023.03.21"]
[WhiteClock "0:01:45"]
[BlackClock "0:00:32"]

1. e4 c6 2. d4 d5 3. e5 Bf5 4. Nf3 e6 5. Be2 c5 6. c3 Nc6 7. O-O Qb6 8. a4 cxd4 9. cxd4 Be4 10. a5 Nxa5 11. Nc3 Bxf3 12. Bxf3 Ne7 13. Na4 Qb3 14. Nc5 Qxd1 15. Bxd1 Nec6 16. Ba4 Bxc5 17. dxc5 O-O 18. Bd2 Nc4 19. Bc3 N6xe5 20. b3 a6 21. bxc4 Nxc4 22. Rab1 Rab8 23. Bb3 b5 24. cxb6 Nxb6 25. Be5 Ra8 26. Rfc1 a5 27. Bc7 Nd7 28. Ba4 Nf6 29. Rb7 Rfc8 30. Rcb1 h6 31. h3 Ne4 32. Be5 f6 33. Bd4 e5 34. Bb6 Nc3 35. Ra1 Rc4 36. Bb3 Rb4 37. Rc7 Ne2+ 38. Kf1 Rxb3 39. Rxa5 Ng3+ 40. fxg3 Rxb6 41. Rxa8+ 1-0


[Site "https://www.chess.com"]

[Event "Titled Tuesday Blitz March 21 Early 2023"]
[White "Leschinsky, Gary"]
[Black "dorpato"]
[WhiteFideId "30951321"]
[WhiteElo "1855"]
[BlackElo "1972"]
[Result "1-0"]
[Round "09"]
[TimeControl "180+2"]
[Date "2023.03.21"]
[WhiteClock "0:01:44"]
[BlackClock "0:00:03"]

1. c4 g6 2. Nc3 Bg7 3. d4 d6 4. e4 Nf6 5. Nf3 Nbd7 6. e5 Ng8 7. e6 fxe6 8. Ng5 Nb6 9. d5 Nf6 10. dxe6 O-O 11. Bd3 Qe8 12. h4 Qc6 13. O-O d5 14. cxd5 Nbxd5 15. h5 Nxh5 16. Nxh7 Kxh7 17. Qxh5+ Kg8 18. Nxd5 Qxe6 19. Bxg6 Rd8 20. Qh7+ Kf8 21. Bh6 Qe5 22. Qh8# 1-0


[Site "https://www.chess.com"]

[Event "Titled Tuesday Blitz March 21 Early 2023"]
[White "Vargas, Mauricio"]
[Black "th3d4rkness"]
[WhiteFideId "4404572"]
[WhiteElo "2025"]
[BlackElo "2118"]
[Result "0-1"]
[Round "09"]
[TimeControl "180+2"]
[Date "2023.03.21"]
[WhiteClock "0:00:43"]
[BlackClock "0:00:44"]

1. e4 c5 2. Nc3 Nc6 3. f4 g6 4. Nf3 Bg7 5. Bb5 Nd4 6. Bf1 a6 7. g3 d6 8. Bg2 Bg4 9. O-O Nf6 10. h3 Nxf3+ 11. Bxf3 Bxh3 12. g4 Bxf1 13. Qxf1 h5 14. g5 Ng4 15. d3 Bd4+ 16. Kg2 Ne3+ 17. Bxe3 Bxe3 18. Be2 h4 19. f5 h3+ 20. Kh1 Bxg5 21. fxg6 fxg6 22. Bg4 e6 23. Bxe6 Qe7 24. Bd5 O-O-O 25. Qg1 Rdf8 26. Qg4+ Kb8 27. Rg1 Be3 28. Re1 Bd4 29. Bc4 Qh4 30. Qd1 Qg3 31. Nd5 Qg2# 0-1


[Site "https://www.chess.com"]

[Event "Titled Tuesday Blitz March 21 Early 2023"]
[White "Jesusesmifuerza"]
[Black "Prado, Alexandra"]
[BlackFideId "3301346"]
[WhiteElo "2035"]
[BlackElo "1759"]
[Result "1-0"]
[Round "09"]
[TimeControl "180+2"]
[Date "2023.03.21"]
[WhiteClock "0:00:25"]
[BlackClock "0:00:02"]

1. d4 Nf6 2. Bf4 g6 3. e3 Bg7 4. Nc3 O-O 5. h4 h6 6. Nf3 d6 7. Qd2 Nc6 8. e4 Ng4 9. Nh2 e5 10. Nxg4 exf4 11. Qxf4 Bxg4 12. Qxg4 Nxd4 13. O-O-O Qf6 14. f4 h5 15. Qg5 Qxg5 16. hxg5 a6 17. Bd3 b5 18. f5 c5 19. f6 Bh8 20. Nd5 c4 21. Bf1 Ne6 22. g4 Nxg5 23. gxh5 Nxe4 24. Ne7+ Kh7 25. hxg6# 1-0


[Site "https://www.chess.com"]

[Event "Titled Tuesday Blitz March 21 Early 2023"]
[White "MANOJ_MISHRA123"]
[Black "Larina, Maria"]
[BlackFideId "24113182"]
[WhiteElo "2095"]
[BlackElo "1848"]
[Result "0-1"]
[Round "09"]
[TimeControl "180+2"]
[Date "2023.03.21"]
[WhiteClock "0:00:59"]
[BlackClock "0:01:52"]

1. d4 f5 2. e4 fxe4 3. Nc3 Nf6 4. Bg5 Nc6 5. Bxf6 exf6 6. d5 Ne5 7. Nxe4 f5 8. Ng3 c6 9. Nxf5 d6 10. Nf3 Bxf5 11. dxc6 bxc6 12. Be2 Be7 13. O-O O-O 14. Nxe5 dxe5 15. Bc4+ Kh8 16. Qe2 Bf6 17. Ba6 Qb6 18. a4 e4 19. a5 Qxb2 20. Rfb1 Qc3 0-1


[Site "https://www.chess.com"]

[Event "Titled Tuesday Blitz March 21 Early 2023"]
[White "Duda, Jan-Krzysztof"]
[Black "Lazavik, Denis"]
[WhiteFideId "1170546"]
[BlackFideId "13515110"]
[WhiteElo "2790"]
[BlackElo "2560"]
[Result "0-1"]
[Round "10"]
[TimeControl "180+2"]
[Date "2023.03.21"]
[WhiteClock "0:00:03"]
[BlackClock "0:00:05"]

1. e4 e5 2. Nf3 Nc6 3. Bb5 Nf6 4. d3 Bc5 5. Bxc6 dxc6 6. O-O Qd6 7. Nbd2 Be6 8. b3 a5 9. a4 Nd7 10. Ng5 f6 11. Nxe6 Qxe6 12. Qh5+ Qf7 13. Qg4 h5 14. Qe2 Nf8 15. Nc4 Ne6 16. Be3 Bd4 17. Rac1 b6 18. Kh1 g5 19. Bd2 Bc5 20. c3 Be7 21. Rfd1 Rd8 22. Qf1 Kf8 23. b4 axb4 24. cxb4 Nd4 25. Bc3 c5 26. b5 Ra8 27. Bxd4 cxd4 28. Ra1 Bb4 29. Rdc1 Kg7 30. Qd1 Bc3 31. Ra3 Ra7 32. Raxc3 dxc3 33. Rxc3 Rha8 34. Nb2 Rd8 35. h3 Rd4 36. Qc1 Qd7 37. Kh2 Kg6 38. Rc6 Rd6 39. Rc4 Rd4 40. Rc3 Rd6 41. Qc2 Rd4 42. Rc6 Rd6 43. Rc4 Rd4 44. Rc3 Qe7 45. Nc4 Qb4 46. Nb2 Qe7 47. Qb3 Qf7 48. Qd1 Qd7 49. Qf3 Rb4 50. Rc2 Rd4 51. Qe2 Ra8 52. Rc3 Rc8 53. Qc2 Rd6 54. Nc4 Rd4 55. Nxb6 cxb6 56. Rxc8 Rxd3 57. Rg8+ Kh7 58. Rb8 Rd6 59. Qc4 Qg7 60. Qc8 g4 61. Qf5+ Kh6 62. h4 Rd3 63. g3 Rf3 64. Qe6 Rxf2+ 65. Kg1 Rf3 66. Kg2 Qc7 67. Rc8 Qg7 68. Rd8 Qh7 69. Qc6 Qf7 70. Qa8 Qa2+ 71. Kg1 Qf2+ 0-1


[Site "https://www.chess.com"]

[Event "Titled Tuesday Blitz March 21 Early 2023"]
[White "Bortnyk, Olexandr"]
[Black "Dubov, Daniil"]
[WhiteFideId "14120828"]
[BlackFideId "24126055"]
[WhiteElo "2734"]
[BlackElo "2802"]
[Result "0-1"]
[Round "10"]
[TimeControl "180+2"]
[Date "2023.03.21"]
[WhiteClock "0:00:01"]
[BlackClock "0:00:05"]

1. d4 d5 2. Nc3 Bf5 3. Bf4 e6 4. e3 Bd6 5. Nf3 Ne7 6. Bg3 O-O 7. Bd3 Nd7 8. e4 dxe4 9. Nxe4 Bxg3 10. hxg3 c5 11. Qd2 c4 12. Bxc4 Bxe4 13. Bd3 Bxd3 14. Qxd3 Qa5+ 15. c3 Qf5 16. Qe2 Nf6 17. O-O-O Rac8 18. Ne5 Nc6 19. Nc4 Rfd8 20. Ne3 Qe4 21. Rh4 Qg6 22. Nc2 h6 23. Kb1 a6 24. Ka1 e5 25. dxe5 Rxd1+ 26. Qxd1 Nxe5 27. Rd4 Nc6 28. Rd6 Qf5 29. f3 Qe5 30. g4 Qxd6 31. Qxd6 Rd8 32. Qxd8+ Nxd8 33. Ne3 Kf8 34. b4 g6 35. Kb2 Ke7 36. c4 Kd6 37. Kc3 Ke5 38. g3 Nc6 39. Nc2 h5 40. b5 axb5 41. cxb5 Na7 42. gxh5 Nxh5 43. g4 Nf4 44. Kc4 b6 45. a4 Nd5 46. Nd4 Kd6 47. Nb3 Nc8 48. Kd4 Nc7 49. Nd2 Ne6+ 50. Kc4 Ke5 51. Kb4 Nd6 52. a5 bxa5+ 53. Kxa5 Nd4 54. b6 Kf4 55. Kb4 Nb7 56. Kc4 Ke3 0-1


[Site "https://www.chess.com"]

[Event "Titled Tuesday Blitz March 21 Early 2023"]
[White "Wei, Yi"]
[Black "Paravyan, David"]
[WhiteFideId "8603405"]
[BlackFideId "4194985"]
[WhiteElo "2686"]
[BlackElo "2577"]
[Result "0-1"]
[Round "10"]
[TimeControl "180+2"]
[Date "2023.03.21"]
[WhiteClock "0:00:02"]
[BlackClock "0:01:03"]

1. b3 Nf6 2. Bb2 c5 3. Nf3 Nc6 4. e3 g6 5. d4 cxd4 6. exd4 d5 7. Nbd2 Bg7 8. g3 O-O 9. Bg2 Bf5 10. O-O Rc8 11. a3 Ne4 12. Re1 Nxd2 13. Qxd2 Be4 14. Rac1 e6 15. c4 Qb6 16. b4 Bxf3 17. c5 Qd8 18. Bxf3 Qf6 19. Bg2 Nxd4 20. Kh1 Nb3 21. Bxf6 Nxd2 22. Be7 Rfe8 23. Bd6 b5 24. cxb6 axb6 25. Bf4 Nc4 26. a4 Ra8 27. Rc2 Bf8 28. b5 Rec8 29. Ra2 Bd6 30. Bg5 Kg7 31. Bf3 h6 32. Bc1 Be5 33. Bd1 Bf6 34. Bb3 Na5 35. Bc2 Rc4 36. Bd3 Rc3 37. Bf1 Rac8 38. Bd2 Rb3 39. Bxa5 bxa5 40. Rd1 Rcc3 41. Kg2 Be7 42. Rdd2 Bc5 43. Be2 Bb6 44. Bd1 Rb1 45. Bc2 Rb4 46. Bd1 Kf6 47. Bc2 Ke7 48. Bd1 Kd6 49. Bc2 f5 50. Bd1 e5 51. Bc2 e4 52. Bd1 d4 53. Re2 d3 54. Red2 Ke5 55. f4+ Kd4 0-1


[Site "https://www.chess.com"]

[Event "Titled Tuesday Blitz March 21 Early 2023"]
[White "Le, Tuan Minh"]
[Black "Bolourchifard, Farzad"]
[WhiteFideId "12401153"]
[BlackFideId "12510084"]
[WhiteElo "2558"]
[BlackElo "2317"]
[Result "1-0"]
[Round "10"]
[TimeControl "180+2"]
[Date "2023.03.21"]
[WhiteClock "0:00:50"]
[BlackClock "0:00:09"]

1. d4 Nf6 2. Nf3 e6 3. Bf4 c5 4. c3 b6 5. e3 Be7 6. Bd3 O-O 7. O-O Ba6 8. Bxa6 Nxa6 9. Qe2 Nc7 10. e4 d6 11. Nbd2 Re8 12. Rfe1 h6 13. h3 cxd4 14. cxd4 Qd7 15. a4 a6 16. Rec1 Reb8 17. e5 Nfd5 18. Bg3 b5 19. Ne4 Ne8 20. exd6 Nxd6 21. Ne5 Qe8 22. Nc6 Nxe4 23. Bxb8 Nef6 24. axb5 1-0


[Site "https://www.chess.com"]

[Event "Titled Tuesday Blitz March 21 Early 2023"]
[White "Jones, Gawain C B"]
[Black "Naroditsky, Daniel"]
[WhiteFideId "409561"]
[BlackFideId "2026961"]
[WhiteElo "2645"]
[BlackElo "2633"]
[Result "1-0"]
[Round "10"]
[TimeControl "180+2"]
[Date "2023.03.21"]
[WhiteClock "0:02:10"]
[BlackClock "0:02:02"]

1. Nf3 Nf6 2. g3 d5 3. Bg2 Bg4 4. c4 e6 5. cxd5 exd5 6. Qb3 Qc8 7. h3 Bxf3 8. Bxf3 c6 9. d3 Bd6 10. Bg2 O-O 11. O-O Re8 12. Nc3 d4 13. Ne4 Nxe4 14. dxe4 c5 15. e5 Rxe5 16. Qxb7 Qxb7 17. Bxb7 Rxe2 18. Bxa8 d3 19. Rd1 c4 20. Bd5 Bc5 21. Be3 1-0


[Site "https://www.chess.com"]

[Event "Titled Tuesday Blitz March 21 Early 2023"]
[White "Chigaev, Maksim"]
[Black "Svane, Rasmus"]
[WhiteFideId "4108116"]
[BlackFideId "4657101"]
[WhiteElo "2547"]
[BlackElo "2597"]
[Result "0-1"]
[Round "10"]
[TimeControl "180+2"]
[Date "2023.03.21"]
[WhiteClock "0:00:01"]
[BlackClock "0:00:01"]

1. e4 c6 2. d4 d5 3. e5 Bf5 4. h4 h5 5. Bg5 Qb6 6. Bd3 Qxd4 7. Nf3 Qg4 8. Bxf5 Qxf5 9. O-O f6 10. c4 dxc4 11. Nbd2 fxg5 12. Nxc4 gxh4 13. Qb3 b5 14. Ne3 Qg6 15. Nxh4 Qe4 16. Nef5 Qc4 17. Qe3 Nh6 18. Rad1 Nxf5 19. Nxf5 g6 20. Nd4 Bh6 21. Qg3 Qf7 22. f4 e6 23. Qh3 O-O 24. Nxe6 Re8 25. f5 gxf5 26. Rxf5 Qxe6 27. Rd6 Qc4 28. Qxh5 Qc1+ 29. Rd1 Qe3+ 30. Kh1 Nd7 31. Rxd7 Qc1+ 32. Rd1 Qe3 0-1


[Site "https://www.chess.com"]

[Event "Titled Tuesday Blitz March 21 Early 2023"]
[White "Howell, David W L"]
[Black "Vogel, Roven"]
[WhiteFideId "410608"]
[BlackFideId "12908088"]
[WhiteElo "2567"]
[BlackElo "2518"]
[Result "1/2-1/2"]
[Round "10"]
[TimeControl "180+2"]
[Date "2023.03.21"]
[WhiteClock "0:00:04"]
[BlackClock "0:01:32"]

1. d4 d5 2. Nf3 Nf6 3. c4 c6 4. Qc2 dxc4 5. Qxc4 Bg4 6. Nbd2 e6 7. g3 Nbd7 8. Bg2 Be7 9. O-O O-O 10. Qb3 Qb6 11. Rd1 Rfd8 12. Nc4 Qa6 13. Bg5 h6 14. Bxf6 Nxf6 15. Rac1 Rac8 16. a3 Bf8 17. Nce5 Bf5 18. e3 Be4 19. Bf1 b5 20. Nd2 Bd5 21. Qd3 c5 22. Qxb5 Qxb5 23. Bxb5 Rb8 24. a4 cxd4 25. exd4 a6 26. Bxa6 Rxb2 27. Bb5 Bb4 28. Ndc4 Ra2 29. Ra1 Rxa1 30. Rxa1 Bc3 31. Rd1 Bxc4 32. Bxc4 Rxd4 33. Rxd4 Bxd4 34. Nc6 Bc5 35. a5 Ne4 36. a6 Nd6 37. Bxe6 fxe6 38. a7 Bxa7 39. Nxa7 Kf7 40. Nc6 1/2-1/2


[Site "https://www.chess.com"]

[Event "Titled Tuesday Blitz March 21 Early 2023"]
[White "Zhigalko, Sergei"]
[Black "Bok, Benjamin"]
[WhiteFideId "13502956"]
[BlackFideId "1017063"]
[WhiteElo "2626"]
[BlackElo "2658"]
[Result "0-1"]
[Round "10"]
[TimeControl "180+2"]
[Date "2023.03.21"]
[WhiteClock "0:00:02"]
[BlackClock "0:00:05"]

1. e4 c5 2. c3 Nf6 3. e5 Nd5 4. Nf3 Nc6 5. Bc4 Nb6 6. Bb3 d5 7. exd6 Qxd6 8. O-O Be6 9. Bxe6 Qxe6 10. a4 Nd5 11. d4 cxd4 12. Nxd4 Qd7 13. Na3 e6 14. Nab5 Be7 15. Qg4 O-O 16. Rd1 Bf6 17. Bg5 Qe7 18. Bxf6 Nxf6 19. Qf3 Ne5 20. Qg3 Nc4 21. b3 Na5 22. Re1 g6 23. Nf5 Qc5 24. Re5 Qb6 25. Nfd4 a6 26. Na3 Rac8 27. b4 Nc6 28. Nxc6 Rxc6 29. b5 Rc5 30. Qe3 Rfc8 31. h3 Nd5 32. Qd4 R5c7 33. Qxb6 Nxb6 34. a5 Nd5 35. c4 Ne7 36. Rb1 Nf5 37. Ree1 Nd6 38. bxa6 bxa6 39. Rec1 Nxc4 40. Rxc4 Rxc4 41. Nxc4 Rxc4 42. Rb6 Rc1+ 43. Kh2 Rc2 44. f3 Ra2 45. Rxa6 g5 46. Kg3 Kg7 47. Ra8 h5 48. a6 h4+ 49. Kh2 Kf6 50. Kg1 Kf5 51. Kh2 f6 52. Kg1 e5 53. Kh2 Kf4 0-1


[Site "https://www.chess.com"]

[Event "Titled Tuesday Blitz March 21 Early 2023"]
[White "Gukesh D"]
[Black "Kamsky, Gata"]
[WhiteFideId "46616543"]
[BlackFideId "2000024"]
[WhiteElo "2612"]
[BlackElo "2666"]
[Result "0-1"]
[Round "10"]
[TimeControl "180+2"]
[Date "2023.03.21"]
[WhiteClock "0:00:01"]
[BlackClock "0:00:09"]

1. d4 d5 2. Nf3 Nf6 3. c4 c6 4. Nc3 a6 5. cxd5 cxd5 6. Bf4 Nc6 7. e3 Bg4 8. Be2 Bxf3 9. Bxf3 e6 10. O-O Bd6 11. Bg5 h6 12. Bxf6 Qxf6 13. Rc1 O-O 14. Na4 Qe7 15. a3 Na5 16. Nb6 Rab8 17. b4 Nc6 18. Be2 Qd8 19. Na4 a5 20. b5 Ne7 21. Qb3 b6 22. Nb2 Qd7 23. a4 Rfc8 24. Nd3 Rxc1 25. Rxc1 Rc8 26. Rc3 Rxc3 27. Qxc3 Qc7 28. Qxc7 Bxc7 29. f4 Nf5 30. Kf2 Nd6 31. Bf3 g5 32. g3 f6 33. Ke2 Kf7 34. g4 f5 35. Ne5+ Ke7 36. h3 fxg4 37. hxg4 Nf7 38. Ng6+ Kf6 39. f5 Nd6 40. Ne5 exf5 41. Bxd5 fxg4 42. Nxg4+ Kg6 43. e4 h5 44. Ne3 g4 45. e5 Nc8 46. Be4+ Kg5 47. Nd5 Bd8 48. Kf2 h4 49. Kg2 Ne7 50. Nc3 Nf5 51. d5 Ne3+ 52. Kf2 Nc4 53. e6 Nd6 54. Bd3 Kf4 55. Ne2+ Ke5 56. Ke3 Kxd5 57. Nf4+ Ke5 58. Be2 Bg5 59. Bxg4 Bxf4+ 60. Kf3 Bg5 0-1


[Site "https://www.chess.com"]

[Event "Titled Tuesday Blitz March 21 Early 2023"]
[White "Seo, Jung Min"]
[Black "Grigoriants, Sergey"]
[WhiteFideId "1734687"]
[BlackFideId "4130804"]
[WhiteElo "2468"]
[BlackElo "2502"]
[Result "0-1"]
[Round "10"]
[TimeControl "180+2"]
[Date "2023.03.21"]
[WhiteClock "0:01:48"]
[BlackClock "0:01:53"]

1. d4 Nf6 2. c4 e6 3. Nf3 d5 4. Nc3 dxc4 5. e4 Bb4 6. Bxc4 Nxe4 7. O-O Nf6 8. Qa4+ Nc6 9. Ne5 Bd6 10. Nxc6 bxc6 11. Qxc6+ Bd7 12. Qf3 h6 13. Re1 O-O 14. h3 Qb8 15. b3 Qb6 16. Bxh6 Bc6 17. Qe3 gxh6 18. Qxh6 Qxd4 19. Qg5+ Kh8 20. Rad1 Qf4 0-1


[Site "https://www.chess.com"]

[Event "Titled Tuesday Blitz March 21 Early 2023"]
[White "Navara, David"]
[Black "Carlsen, Magnus"]
[WhiteFideId "309095"]
[BlackFideId "1503014"]
[WhiteElo "2675"]
[BlackElo "2852"]
[Result "1-0"]
[Round "10"]
[TimeControl "180+2"]
[Date "2023.03.21"]
[WhiteClock "0:00:53"]
[BlackClock "0:00:38"]

1. d4 Nf6 2. c4 g6 3. Nc3 Bg7 4. e4 d6 5. Nf3 O-O 6. Be2 c6 7. O-O e5 8. dxe5 dxe5 9. Nxe5 Qe7 10. Bf4 Na6 11. Bf3 Nc5 12. Nxc6 bxc6 13. Bd6 Qb7 14. Bxc5 Re8 15. Qb3 Nd7 16. Qxb7 Bxb7 17. Na4 Nxc5 18. Nxc5 Bc8 19. Rab1 a5 20. b3 Bd4 21. Na4 Be6 22. c5 Rab8 23. Rfd1 Red8 24. h3 h5 25. Rd2 Be5 26. Rxd8+ Rxd8 27. Rd1 Rb8 28. h4 Kg7 29. g3 Kf6 30. Be2 Rb4 31. f4 Bb8 32. Bf3 Ke7 33. e5 Bd7 34. Nb6 Be8 35. Nc8+ Ke6 36. Rd8 Bd7 37. Nb6 Bc7 38. Rxd7 Bxb6 39. Rd6+ 1-0


[Site "https://www.chess.com"]

[Event "Titled Tuesday Blitz March 21 Early 2023"]
[White "Andreikin, Dmitry"]
[Black "Bachmann, Axel"]
[WhiteFideId "4158814"]
[BlackFideId "3700488"]
[WhiteElo "2736"]
[BlackElo "2605"]
[Result "0-1"]
[Round "10"]
[TimeControl "180+2"]
[Date "2023.03.21"]
[WhiteClock "0:02:00"]
[BlackClock "0:01:24"]

1. Nf3 Nf6 2. c4 e6 3. Nc3 d5 4. e3 c5 5. cxd5 exd5 6. d4 Nc6 7. Be2 cxd4 8. Nxd4 Bd6 9. O-O O-O 10. b3 Nxd4 11. Qxd4 Re8 12. Bb2 Be5 13. Qh4 Ne4 14. Qxd8 Rxd8 15. Rac1 Be6 16. f3 Nxc3 17. Bxc3 Bxc3 18. Rxc3 d4 19. exd4 Rxd4 20. Rfc1 g5 21. Kf2 Rad8 22. Ke3 f5 23. Bd3 Kf7 24. Rc7+ Kf6 25. R1c3 f4+ 26. Ke2 Bf5 27. Bxf5 Rd2+ 28. Kf1 Rd1+ 29. Kf2 R8d2# 0-1


[Site "https://www.chess.com"]

[Event "Titled Tuesday Blitz March 21 Early 2023"]
[White "Erigaisi Arjun"]
[Black "Rustemov, Alexander"]
[WhiteFideId "35009192"]
[BlackFideId "4119002"]
[WhiteElo "2737"]
[BlackElo "2882"]
[Result "1-0"]
[Round "10"]
[TimeControl "180+2"]
[Date "2023.03.21"]
[WhiteClock "0:01:26"]
[BlackClock "0:00:07"]

1. b3 d5 2. Bb2 Nf6 3. e3 Bf5 4. Nf3 h6 5. Bxf6 gxf6 6. d4 c6 7. Bd3 Bxd3 8. Qxd3 e6 9. c4 Nd7 10. Nc3 f5 11. O-O Bd6 12. c5 Bc7 13. b4 a6 14. a4 Nf6 15. b5 O-O 16. b6 Bb8 17. Nd2 h5 18. f4 Kg7 19. Nb3 Rg8 20. Na5 Qd7 21. Rf3 Kf8 22. Raf1 Ke7 23. Rh3 Rg4 24. Nd1 Kd8 25. Nf2 Rg6 26. Qe2 Kc8 27. Rxh5 Nxh5 28. Qxh5 Qe8 29. Qh7 Rg8 30. Nd3 Rh8 31. Qg7 Rg8 32. Qf6 Rg6 33. Qh4 Qf8 34. Rf3 Rh6 35. Qf2 Qg7 36. Rg3 Qh7 37. h3 f6 38. Nb4 Rg6 39. Nbxc6 1-0


[Site "https://www.chess.com"]

[Event "Titled Tuesday Blitz March 21 Early 2023"]
[White "Bluebaum, Matthias"]
[Black "Harsha Bharathakoti"]
[WhiteFideId "24651516"]
[BlackFideId "5078776"]
[WhiteElo "2638"]
[BlackElo "2481"]
[Result "1-0"]
[Round "10"]
[TimeControl "180+2"]
[Date "2023.03.21"]
[WhiteClock "0:02:00"]
[BlackClock "0:01:06"]

1. d4 Nf6 2. c4 e6 3. Nc3 Bb4 4. e3 O-O 5. Bd2 d5 6. Nf3 b6 7. cxd5 exd5 8. Rc1 Bb7 9. Bd3 Bd6 10. Nb5 Ne4 11. Nxd6 Qxd6 12. O-O Nd7 13. b4 a6 14. a4 h6 15. Be1 Rfc8 16. Nd2 Ndf6 17. f3 Nxd2 18. Qxd2 c5 19. dxc5 bxc5 20. bxc5 Rxc5 21. Qb4 Rc6 22. Qxb7 1-0


[Site "https://www.chess.com"]

[Event "Titled Tuesday Blitz March 21 Early 2023"]
[White "Shimanov, Aleksandr"]
[Black "Hayrapetyan, Hovik"]
[WhiteFideId "4198603"]
[BlackFideId "13302639"]
[WhiteElo "2631"]
[BlackElo "2348"]
[Result "1-0"]
[Round "10"]
[TimeControl "180+2"]
[Date "2023.03.21"]
[WhiteClock "0:00:12"]
[BlackClock "0:00:06"]

1. e4 c5 2. d4 cxd4 3. Qxd4 Nc6 4. Qd3 Nf6 5. Nc3 e6 6. Bf4 Qa5 7. O-O-O Bb4 8. Nge2 a6 9. Kb1 O-O 10. g4 Nxg4 11. Qg3 Nge5 12. h4 h5 13. Rg1 g6 14. Bh6 Re8 15. Qf4 Ng4 16. Bh3 Qe5 17. Bxg4 Qxf4 18. Bxf4 hxg4 19. Rxg4 d5 20. e5 Ne7 21. h5 Kh7 22. hxg6+ Nxg6 23. Rh1+ Kg7 24. Bh6+ Kg8 25. Rxb4 Nxe5 26. Bg5 f5 27. Rbh4 Ng6 28. Rh6 Nf8 29. Bf6 1-0


[Site "https://www.chess.com"]

[Event "Titled Tuesday Blitz March 21 Early 2023"]
[White "Pakleza, Zbigniew"]
[Black "Pranav, V"]
[WhiteFideId "1119290"]
[BlackFideId "25060783"]
[WhiteElo "2410"]
[BlackElo "2500"]
[Result "0-1"]
[Round "10"]
[TimeControl "180+2"]
[Date "2023.03.21"]
[WhiteClock "0:00:04"]
[BlackClock "0:00:05"]

1. d4 Nf6 2. Nf3 e6 3. Bf4 c5 4. c3 b6 5. e3 Bb7 6. h3 Be7 7. Nbd2 O-O 8. Bd3 d6 9. O-O Re8 10. Qe2 Nbd7 11. Bh2 Bf8 12. e4 e5 13. dxe5 Nxe5 14. Nxe5 dxe5 15. Rfd1 Qc7 16. a4 g6 17. Nc4 Nh5 18. Ne3 Nf4 19. Qc2 a6 20. Bc4 Rad8 21. Bxf4 exf4 22. Nd5 Bxd5 23. Bxd5 Bd6 24. Qe2 Qc8 25. Rd2 Be5 26. Rad1 Kg7 27. Bc4 Rxd2 28. Qxd2 Re7 29. f3 Qc6 30. Bxa6 Qxa4 31. Qe2 h5 32. Bb5 Qa2 33. Bc4 Qa8 34. Qd2 Qa7 35. Kf1 Qb7 36. Qd5 b5 37. Qxb7 Rxb7 38. Rd5 f6 39. Be2 b4 40. Rxc5 bxc3 41. bxc3 Rb1+ 42. Kf2 Rc1 43. Bd3 Kh6 44. Ke2 Kg5 45. Rc6 Kh4 46. c4 Kg3 47. c5 Kxg2 48. h4 Kh3 49. Kd2 Ra1 50. Re6 Kxh4 51. c6 Ra7 52. Bb5 Kg3 53. Kd3 Kxf3 54. Re8 h4 55. Rh8 g5 56. Kc4 Kg2 57. Kc5 f3 0-1


[Site "https://www.chess.com"]

[Event "Titled Tuesday Blitz March 21 Early 2023"]
[White "Deac, Bogdan-Daniel"]
[Black "Krysa, Leandro"]
[WhiteFideId "1226380"]
[BlackFideId "116807"]
[WhiteElo "2649"]
[BlackElo "2485"]
[Result "1/2-1/2"]
[Round "10"]
[TimeControl "180+2"]
[Date "2023.03.21"]
[WhiteClock "0:00:04"]
[BlackClock "0:00:17"]

1. d4 Nf6 2. c4 g6 3. Nc3 d5 4. cxd5 Nxd5 5. Bd2 c5 6. e4 Nxc3 7. Bxc3 cxd4 8. Bxd4 e5 9. Bxe5 Bb4+ 10. Bc3 Bxc3+ 11. bxc3 Qa5 12. Qc2 O-O 13. Bd3 Nd7 14. Ne2 Nc5 15. O-O b6 16. Bc4 Be6 17. Bxe6 Nxe6 18. Rfd1 Rfd8 19. Nd4 Qe5 20. Nc6 Rxd1+ 21. Rxd1 Qc5 22. Nb4 Rc8 23. Nd5 Nc7 24. Rd3 Nxd5 25. exd5 Rd8 26. Qd2 Rd6 27. h4 h5 28. a4 a6 29. Rd4 b5 30. axb5 axb5 31. g3 Kg7 32. Kg2 Kg8 33. Kh2 Kg7 34. f3 Qc7 35. Kg2 Qe7 36. Qd3 Qd7 37. g4 hxg4 38. fxg4 Rf6 39. d6 Qb7+ 40. Qe4 Qxe4+ 41. Rxe4 Rxd6 42. Rb4 Rd3 43. Rxb5 Rxc3 44. g5 Rd3 45. Re5 1/2-1/2


[Site "https://www.chess.com"]